 Dungeon Crawl Stone Soup version 0.30.1-3-gfc49f6343a (webtiles) character file.

Game seed: 3976890728513276205

81 hurricos the Sneak (level 4, -2/27 HPs)
             Began as a Deep Elf Delver on July 27, 2023.
             Slain by a black bear (3 damage)
             ... on level 4 of the Dungeon.
             The game lasted 00:01:36 (538 turns).

hurricos the Sneak (Deep Elf Delver)                 Turns: 538, Time: 00:01:37

Health: -2/27      AC:  3    Str:  9    XL:     4   Next: 19%
Magic:  6/6        EV: 12    Int: 15    God:
Gold:   13         SH:  0    Dex: 18    Spells: 3/3 levels left

rFire   . . .        a - +0 short sword
rCold   . . .        (no shield)
rNeg    . . .        b - +0 leather armour
rPois   .            (no helmet)
rElec   .            (no cloak)
rCorr   .            (no gloves)
SInv    .            (no boots)
Will    .....        (no amulet)
Stlth   +++          (no ring)
HPRegen 0.24/turn    (no ring)
MPRegen 0.10/turn

%: no passive effects
@: no status effects
A: no striking features
a: no special abilities


You were on level 4 of the Dungeon.
You visited 1 branch of the dungeon, and saw 3 of its levels.

You collected 13 gold pieces.

Inventory:

Hand Weapons
 a - a +0 short sword (weapon)
Missiles
 d - 5 poisoned darts (quivered)
Armour
 b - a +0 leather armour (worn)
Wands
 g - a wand of digging (3)
Scrolls
 c - a scroll of fog
 e - a scroll of fear


   Skills:
 - Level 2.7 Fighting
 - Level 2.4 Short Blades
 + Level 3.4 Ranged Weapons
 - Level 3.0 Dodging
 - Level 6.3 Stealth


You had 3 spell levels left.
You didn't know any spells.
Your spell library was empty.

Dungeon Overview and Level Annotations

Branches:
Dungeon (6/15)
 Temple: D:4-7

Altars:
Cheibriados


Message History

A black bear comes into view.
A goblin comes into view. It is wielding a +0 dagger.
There is an open door here.
The helpless black bear fails to defend itself.
You impale the black bear!!
The black bear is almost dead.
The goblin shouts!
The black bear bites you but does no damage.
The black bear barely misses you. The black bear claws you.
Okay, then.
You aren't carrying any potions.
Unknown command.
Okay, then.
Throw: 7 darts (poison)
Press: ? - help, Q - select action Shift-Dir - straight line, f - black bear
Aim: a black bear (almost dead, 69% to hit)
You throw a poisoned dart. The poisoned dart hits the black bear.
The black bear is poisoned.
The black bear is almost dead.
The black bear goes berserk!
Unknown command.
The black bear rages.
Throw: 6 darts (poison)
Press: ? - help, Q - select action Shift-Dir - straight line, f/p - black bear
Aim: a black bear (almost dead, berserk, poisoned, 69% to hit)
You throw a poisoned dart. The poisoned dart hits the black bear.
The black bear is almost dead.
The black bear bites you. The black bear claws you. x2
The black bear bites you. The black bear claws you.
The black bear claws you but does no damage.
Unknown command.
Unknown command.
The black bear rages.
The black bear rages.
The black bear closely misses you. x2
The black bear claws you but does no damage.
The black bear looks more healthy.
The black bear bites you!
* * * LOW HITPOINT WARNING * * *
The black bear claws you.
You die...

######.#..##.#
.......##'##
......>##..######
.......#....##..##
.#.#####.÷..'.)..#
.#.##..##..##.†..#
.#.#.†..'#####..####
.#.#....##
?$##'#..## ...##..##
....##@...# #.###'##
..g.. +.h..#
.##))##.J.8.. ##g.##
.#....'.g..K. #(##
#....##..... #(.#
##..#+ ?!##.... ####
#+....# ##..## ####


You could see a black bear (berserk) and a goblin.

Vanquished Creatures
  A hound (D:4)
  An iguana (D:5)
  2 adders (D:4)
  An orc (D:4)
  2 ball pythons (D:4)
  2 kobolds (D:4)
9 creatures vanquished.

Notes
Turn   | Place    | Note
-------+----------+-------------------------------------------
     0 | D:5      | hurricos the Deep Elf Delver began the quest for the Orb.
     0 | D:5      | Reached XP level 1. HP: 13/13 MP: 3/3
     1 | D:6      | Noticed a hound
    10 | D:5      | Noticed a lemure
    20 | D:5      | Found a snail-covered altar of Cheibriados.
    21 | D:5      | Noticed a sleepcap
    44 | D:5      | Noticed an iguana
    51 | D:5      | Noticed a jelly
    56 | D:5      | Killed an iguana
    57 | D:5      | Reached XP level 2. HP: 13/18 MP: 4/4
    94 | D:4      | Reached XP level 3. HP: 6/22 MP: 5/5
   421 | D:4      | Reached XP level 4. HP: 27/27 MP: 6/6
   530 | D:4      | Noticed a black bear
   538 | D:4      | HP: 1/27 [black bear (8)]
   538 | D:4      | Slain by a black bear

Illustrated notes

Levels and vault maps discovered:
D:4:      minmay_bubble_buster, layout_basic, lemuel_round_altar,
          nicolae_gozag_cash_rules_everything_around_me, grunt_ministairs_9,
          corner_web_ring, skrybe_limestone_x, uniq_duvessa
D:5:      layout_basic, lemuel_tele_altar, uniq_ijyb, uniq_pikel
D:6:      layout_cave_pools, nicolae_overflow_crystal_walls, minmay_between

Skill      XL: |  1  2  3 |
---------------+----------+-----
Dodging        | 3 |  3.0
Ranged Weapons | 2 3 |  3.4
Fighting       | |  2.7
Short Blades   | |  2.4
Stealth        | |  6.3

Action                     |  1- 3 |  4- 6 || total
---------------------------+-------+-------++-------
  Melee: Short sword       |    29 |    17 ||    46
         Punch             |       |     1 ||     1
  Throw: Dart              |       |     2 ||     2
    Use: Scroll            |     1 |       ||     1
         Potion            |     1 |       ||     1
   Stab: Sleeping          |     3 |     1 ||     4
 Armour: Leather armour    |     4 |     5 ||     9
  Dodge: Dodged            |    18 |    16 ||    34
